 Dungeon Crawl Stone Soup version 0.25.1-2-g60ff931df9 (webtiles) character file.

Game seed: 271781600243687287

22942 charpy the Thaumaturge (level 12, -2/59 HPs)
             Began as a Deep Elf Air Elementalist on Nov 12, 2020.
             Was an Elder of Sif Muna.
             Slain by an eight-headed hydra (16 damage)
             ... on level 4 of the Lair of Beasts on Nov 19, 2020.
             The game lasted 01:51:26 (21445 turns).

charpy the Thaumaturge (Deep Elf Air Elementalist) Turns: 21445, Time: 01:51:27

Health: -2/59      AC: 13    Str:  5    XL:     12   Next: 67%
Magic:  3/39       EV: 17    Int: 26    God:    Sif Muna [****..]
Gold:   561        SH:  6    Dex: 19    Spells: 13/35 levels left

rFire    + . .     SeeInvis .   E - +7 spear of Dogy {drain, rF+}
rCold    . . .     Gourm    .   X - +0 buckler
rNeg     . . .     Faith    .   Y - +3 robe "Wifar" {Dex+2}
rPois    .         Spirit   .   A - +1 helmet
rElec    .         Reflect  .   W - +0 cloak
rCorr    .         Harm     .   V - +0 pair of gloves
MR       ++...                  G - +1 pair of boots
Stlth    ++++......             w - amulet of the acrobat
HPRegen  0.19/turn              s - ring of magical power
MPRegen  0.26/turn              B - ring of protection from magic

@: swift, quick
A: iridescent scales 1, thin skeletal structure 1
a: Channel Magic, Forget Spell, Divine Exegesis, Renounce Religion


You were on level 4 of the Lair of Beasts.
You worshipped Sif Muna.
Sif Muna was greatly pleased with you.
You were not hungry.

You visited 3 branches of the dungeon, and saw 17 of its levels.

You collected 931 gold pieces.
You spent 370 gold pieces at shops.

Inventory:

Hand Weapons
 E - the +7 spear of Dogy (weapon) {drain, rF+}
   (You found it on level 7 of the Dungeon)

   A truly terrible weapon, it drains the life of those it strikes.
   It protects you from fire.
Missiles
 b - 645 stones
 l - 60 poisoned darts (quivered)
 x - 5 throwing nets
 M - 6 silver javelins
Armour
 A - a +1 helmet (worn)
 G - a +1 pair of boots (worn)
 N - a +0 robe of positive energy
 V - a +0 pair of gloves (worn)
 W - a +0 cloak (worn)
 X - a +0 buckler (worn)
 Y - the +3 robe "Wifar" (worn) {Dex+2}
   (You took it off a centaur on level 3 of the Lair of Beasts)

   It affects your dexterity (+2).
Jewellery
 s - a ring of magical power (left hand)
 w - an amulet of the acrobat (around neck)
 y - an uncursed ring of resist corrosion
 B - a ring of protection from magic (right hand)
 C - an uncursed ring of see invisible
 J - an uncursed ring of fire
 S - an uncursed ring of positive energy
Wands
 p - a wand of random effects (43)
 r - a wand of paralysis (13)
 t - a wand of enslavement (7)
 v - a wand of digging (4)
 D - a wand of disintegration (8)
 H - a wand of iceblast (6)
 R - a wand of acid (4)
Scrolls
 d - 2 scrolls of amnesia
 e - 2 scrolls of enchant weapon
 f - 2 scrolls of fog
 g - a scroll of immolation {unknown}
 h - 11 scrolls of teleportation
 k - 5 scrolls of magic mapping
 n - a scroll of fear
 u - 4 scrolls of remove curse
 F - 10 scrolls of identify
 O - a scroll of torment
 Q - a scroll of silence
 T - a scroll of vulnerability
Potions
 a - a potion of ambrosia
 i - 3 potions of lignification
 j - 8 potions of curing
 m - 3 potions of haste
 o - a potion of mutation
 q - a potion of flight
 z - 4 potions of might
 I - 3 potions of heal wounds
 K - 4 potions of stabbing
 L - a potion of cancellation
 P - a potion of resistance
Comestibles
 c - 24 rations


   Skills:
 - Level 6.0 Dodging
 - Level 7.0 Stealth
 - Level 4.0 Shields
 - Level 12.0 Spellcasting
 + Level 11.3 Conjurations
 - Level 6.0 Hexes
 - Level 4.0 Charms
 - Level 11.0 Air Magic
 - Level 6.0 Invocations
 - Level 6.0 Evocations


You had 13 spell levels left.
You knew the following spells:

 Your Spells              Type           Power        Failure   Level  Hunger
a - Shock                 Conj/Air       ####         1%          1    None
b - Swiftness             Chrm/Air       ######..     1%          2    None
c - Static Discharge      Conj/Air       ######..     1%          3    None
d - Airstrike             Air            ######....   1%          4    None
e - Lightning Bolt        Conj/Air       ######....   1%          5    ###....
f - Tukima's Dance        Hex            #####...     1%          3    None
g - Fulminant Prism       Conj/Hex       ######....   1%          4    None

Your spell library contained the following spells:

 Spells                   Type           Power        Failure   Level  Hunger
 Corona                   Hex            #####..      1%          1    None
 Magic Dart               Conj           ####         1%          1    None
 Ensorcelled Hibernation  Hex/Ice        ####..       1%          2    None
 Searing Ray              Conj           ######       1%          2    None
 Confusing Touch          Hex            #####...     1%          3    None
 Dazzling Flash           Conj/Hex       ######       1%          3    None
 Beastly Appendage        Tmut           ###...       3%          1    None
 Iskenderun's Mystic Bla  Conj/Tloc      #####...     3%          4    None
 Sticks to Snakes         Tmut           ###.....     5%          2    None
 Gell's Gravitas          Tloc           ###.......   11%         3    None
 Spider Form              Tmut/Pois      ###.......   11%         3    None
 Metabolic Englaciation   Hex/Ice        ####......   30%         5    ###....
 Yara's Violent Unravell  Hex/Tmut       ####......   30%         5    ###....
 Ice Form                 Ice/Tmut       ###.....     36%         4    None
 Petrify                  Tmut/Erth      ###.....     36%         4    None
 Blade Hands              Tmut           ###.......   71%         5    ###....


Dungeon Overview and Level Annotations

Branches:
Dungeon (11/15)            Temple (1/1) D:5            Lair (5/6) D:11
  Swamp (0/4) Lair:3       Spider (0/4) Lair:3          Orc (0/2) D:9
  Slime: Lair:5-6

Altars:
Ashenzari
Cheibriados
Dithmenos
Elyvilon
Fedhas
Gozag
Hepliaklqana
Kikubaaqudgha
Makhleb
Nemelex Xobeh
Okawaru
Qazlal
Ru
Sif Muna
Trog
Uskayaw
Vehumet
Wu Jian
Xom
Yredelemnul
Zin
The Shining One

Shops:
D:8 !=?


Innate Abilities, Weirdness & Mutations

You are partially covered in iridescent scales. (AC +2)
You have a somewhat thin skeletal structure. (Dex +2, Stealth)


Message History

The eight-headed hydra barely misses you.
The eight-headed hydra misses you.
The eight-headed hydra barely misses you.
You climb upwards.
There is a stone staircase leading down here.
Casting: Airstrike (safe; 1% risk of failure)
Confirm with . or Enter, or press ? or * to list all spells.
You don't know that spell.
Casting: Airstrike (safe; 1% risk of failure)
Confirm with . or Enter, or press ? or * to list all spells.
You feel quick.
The eight-headed hydra bites you but does no damage.
The eight-headed hydra closely misses you.
You block the eight-headed hydra's attack.
The eight-headed hydra bites you! x2
* * * LOW HITPOINT WARNING * * *
The eight-headed hydra barely misses you.
You block the eight-headed hydra's attack.
The eight-headed hydra bites you!
You die...

##......................
#P...................<..
#P.......>..............
##......................
#..##.....#...PP####..#
#.###..#......P########
##..............###.####
#......D..##...P##....##
#...#..@...#...##.....##
##...##.#.#....#####..##
##.##...#.#....#####..#.
##..............##..#+.##
#........................
##P......................
#........................
##.......................
##.........รท............


You could see an eight-headed hydra.

Vanquished Creatures
  Harold (D:8)
  3 hydras (Lair:3)
  A two-headed ogre (D:10)
  2 unseen horrors (D:11)
  An orb spider (Lair:3)
  2 ugly things (D:11)
  An oklob plant (Lair:1)
  2 gargoyles
  2 black mambas
  A torpor snail (Lair:3)
  A rime drake (Lair:4)
  4 spiny frogs
  7 komodo dragons
  A polar bear (Lair:5)
  3 blink frogs (Lair:1)
  8 hippogriffs
  8 yaks
  2 wyverns
  Eustachio (D:4)
  3 basilisks
  Grum (D:8)
  2 hungry ghosts
  6 water moccasins
  8 porcupines
  5 orc warriors
  2 sky beasts (D:10)
  3 phantoms
  4 ogres
  An eye of draining (D:11)
  2 necrophages
  5 wolves
  9 centaurs
  7 crocodiles
  2 big kobolds
  8 bullfrogs
  A wyvern zombie (D:7)
  A water moccasin zombie (D:4)
  4 scorpions
  7 killer bees
  An electric eel (Lair:2)
  A howler monkey (D:4)
  5 crimson imps
  2 quasits (D:9)
  4 hounds
  3 jellies
  7 orc priests
  2 bullfrog skeletons (D:11)
  2 iguanas
  10 orc wizards
  Ijyb (D:3)
  5 worker ants
  A killer bee zombie (D:7)
  A hound skeleton (D:8)
  A howler monkey zombie (D:8)
  2 worker ant zombies
  7 adders
  8 gnolls
  4 shadow imps
  2 oozes
  3 adder skeletons
  A worm (D:3)
  4 dart slugs
  8 leopard geckos
  39 orcs
  4 giant cockroaches
  5 goblins
  6 hobgoblins
  18 jackals
  2 quokkas
  2 ball pythons (D:1)
  4 bats
  3 frilled lizards
  23 kobolds
  A quokka zombie (D:7)
  5 rats
  A fungus (Lair:4)
  A plant (Lair:3)
331 creatures vanquished.

Vanquished Creatures (collateral kills)
  Maggie (D:8)
  An adder skeleton (D:8)
  A jackal (D:8)
3 creatures vanquished.

Vanquished Creatures (others)
  2 dancing weapons (D:8)
  25 fulminant prisms
  2 fungi (Lair:4)
  A plant (Lair:3)
30 creatures vanquished.

Grand Total: 364 creatures vanquished

Notes
Turn   | Place    | Note
-------+----------+-------------------------------------------
     0 | D:1      | charpy the Deep Elf Air Elementalist began the quest for
                  | the Orb.
     0 | D:1      | Reached XP level 1. HP: 10/10 MP: 6/6
   193 | D:1      | Reached XP level 2. HP: 15/15 MP: 5/8
   670 | D:1      | Reached XP level 3. HP: 19/19 MP: 7/9
  1075 | D:1      | Learned a level 2 spell: Swiftness
  1079 | D:1      | Learned a level 3 spell: Static Discharge
  1153 | D:2      | Found a faded altar of an unknown god.
  1289 | D:2      | Found a sparkling altar of Nemelex Xobeh.
  1355 | D:2      | Found a hazy altar of Hepliaklqana.
  1387 | D:2      | Reached skill level 4 in Spellcasting
  1387 | D:2      | Reached XP level 4. HP: 16/24 MP: 0/12
  1585 | D:2      | Learned a level 4 spell: Airstrike
  1960 | D:3      | Found a burning altar of Makhleb.
  2029 | D:3      | Found a radiant altar of Vehumet.
  2408 | D:3      | Found a snail-covered altar of Cheibriados.
  2481 | D:3      | Noticed Ijyb
  2485 | D:3      | Paralysed by Ijyb for 2 turns
  2488 | D:3      | Killed Ijyb
  2753 | D:3      | Found a glowing silver altar of Zin.
  2843 | D:4      | Reached XP level 5. HP: 28/28 MP: 6/13
  3009 | D:4      | Noticed an ogre
  3013 | D:4      | Killed an ogre
  3013 | D:4      | Reached skill level 5 in Spellcasting
  3013 | D:4      | Reached skill level 1 in Charms
  3162 | D:4      | Noticed Eustachio
  3175 | D:4      | Killed Eustachio
  3175 | D:4      | Reached XP level 6. HP: 24/32 MP: 0/16
  3292 | D:4      | Found a sparkling altar of Nemelex Xobeh.
  3325 | D:4      | Reached skill level 6 in Spellcasting
  4083 | D:4      | Reached skill level 7 in Spellcasting
  4247 | D:4      | Reached XP level 7. HP: 36/36 MP: 17/19
  4709 | D:5      | Entered Level 5 of the Dungeon
  4988 | D:5      | Found a bloodstained altar of Trog.
  5434 | D:5      | Found a staircase to the Ecumenical Temple.
  5448 | Temple   | Entered the Ecumenical Temple
  5572 | Temple   | Became a worshipper of Sif Muna the Loreminder
  6047 | D:6      | Learned a level 5 spell: Lightning Bolt
  6128 | D:6      | HP: 1/36 [orc priest/divine providence (12)]
  6824 | D:6      | Reached skill level 5 in Air Magic
  7579 | D:7      | Got a steaming spear
  7580 | D:7      | Identified the +7 spear of Dogy {drain, rF+} (You found it
                  | on level 7 of the Dungeon)
  7734 | D:7      | Gained mutation: Potions are less effective at restoring
                  | your health. [potion of mutation]
  7734 | D:7      | Gained mutation: You have a beak for a mouth. [potion of
                  | mutation]
  7737 | D:7      | Lost mutation: You have a beak for a mouth. [potion of
                  | mutation]
  7737 | D:7      | Lost mutation: Potions are less effective at restoring your
                  | health. [potion of mutation]
  7737 | D:7      | Gained mutation: You have a somewhat thin skeletal
                  | structure. (Dex +2, Stealth) [potion of mutation]
  7737 | D:7      | Gained mutation: You are partially covered in iridescent
                  | scales. (AC +2) [potion of mutation]
  7781 | D:7      | Found a stormy altar of Qazlal.
  8267 | D:7      | Reached XP level 8. HP: 41/41 MP: 7/20
  8579 | D:7      | Reached skill level 5 in Conjurations
  8601 | D:7      | Found an ancient bone altar of Kikubaaqudgha.
  9033 | D:7      | Reached skill level 5 in Dodging
  9033 | D:7      | Reached skill level 5 in Stealth
  9541 | D:8      | Noticed Harold
  9664 | D:7      | Learned a level 3 spell: Tukima's Dance
  9740 | D:8      | Reached * piety under Sif Muna
  9740 | D:8      | Reached skill level 1 in Hexes
  9740 | D:8      | Reached XP level 9. HP: 45/45 MP: 8/21
 10113 | D:8      | Killed Harold
 10465 | D:8      | Noticed Maggie
 10470 | D:8      | Killed Maggie
 10651 | D:8      | Found Hoskyor's Distillery.
 10656 | D:8      | Bought a potion of curing for 42 gold pieces
 10656 | D:8      | Bought 2 potions of curing for 84 gold pieces
 10656 | D:8      | Bought a potion of haste for 140 gold pieces
 10680 | D:8      | Noticed Grum
 10689 | D:8      | Killed Grum
 10689 | D:8      | Reached skill level 8 in Spellcasting
 10883 | D:8      | Found Icuzanah's Magic Scroll Shop.
 10890 | D:8      | Bought a scroll of enchant armour for 82 gold pieces
 10890 | D:8      | Bought a scroll of identify for 22 gold pieces
 10963 | D:8      | Found Joosos's Jewellery Shoppe.
 11469 | D:9      | Reached ** piety under Sif Muna
 11477 | D:9      | Reached XP level 10. HP: 50/50 MP: 6/24
 12147 | D:9      | Reached skill level 9 in Spellcasting
 12721 | D:9      | Learned a level 4 spell: Fulminant Prism
 12794 | D:9      | Found a staircase to the Orcish Mines.
 13157 | D:10     | Entered Level 10 of the Dungeon
 13355 | D:10     | Noticed a gargoyle
 13358 | D:10     | Killed a gargoyle
 13436 | D:10     | Reached *** piety under Sif Muna
 13559 | D:10     | Noticed a two-headed ogre
 13563 | D:10     | Reached skill level 10 in Spellcasting
 13571 | D:10     | Killed a two-headed ogre
 14270 | D:11     | Noticed a purple ugly thing
 14284 | D:11     | Killed a purple ugly thing
 14300 | D:11     | Noticed a gargoyle
 14442 | D:11     | Killed a gargoyle
 14731 | D:11     | Noticed a brown ugly thing
 14739 | D:11     | Killed a brown ugly thing
 14739 | D:11     | Reached XP level 11. HP: 54/54 MP: 18/27
 14909 | D:11     | Killed an unseen horror
 14933 | D:11     | Killed an unseen horror
 14933 | D:11     | Reached skill level 10 in Conjurations
 14933 | D:11     | Reached skill level 10 in Air Magic
 15121 | D:11     | Found a staircase to the Lair.
 15153 | D:11     | Reached skill level 11 in Spellcasting
 15542 | Lair:1   | Entered Level 1 of the Lair of Beasts
 15552 | Lair:1   | Noticed an oklob plant
 16537 | Lair:1   | Reached skill level 5 in Invocations
 16537 | Lair:1   | Reached skill level 5 in Evocations
 17271 | Lair:1   | Killed an oklob plant
 18178 | Lair:2   | Reached **** piety under Sif Muna
 18687 | Lair:3   | Reached XP level 12. HP: 59/59 MP: 25/29
 18847 | Lair:3   | Noticed an eight-headed hydra
 18852 | Lair:3   | Killed an eight-headed hydra
 19224 | Lair:3   | Reached skill level 12 in Spellcasting
 19438 | Lair:3   | Identified the +3 robe "Wifar" {Dex+2}
 19565 | Lair:3   | Found a hole to the Spider Nest.
 19568 | Lair:3   | Reached skill level 1 in Shields
 19680 | Lair:3   | Found a shimmering altar of Xom.
 19930 | Lair:3   | Noticed a four-headed hydra
 19936 | Lair:3   | Killed a four-headed hydra
 19983 | Lair:3   | Noticed a five-headed hydra
 19987 | Lair:3   | Killed a five-headed hydra
 20095 | Lair:3   | Found a staircase to the Swamp.
 21431 | Lair:5   | Noticed an eight-headed hydra
 21445 | Lair:4   | Slain by an eight-headed hydra

Illustrated notes

Levels and vault maps discovered:
D:1:      lightli_arrival_maybe_door_vault, layout_basic
D:2:      layout_rooms, old_standard_altar, nemelex_xobeh_ov_fountains_minmay,
          chequers_ecumenical_altar_simple
D:3:      layout_basic, lemuel_doored_altar, lemuel_crystal_altar,
          lemuel_round_altar, cheibriados_altar_1, hangedman_decor_push,
          uniq_ijyb
D:4:      layout_basic, serial_co_window_serial, co_window_corner_a,
          co_window_corner_a, co_window_of_opportunity_a,
          co_window_of_opportunity_a, co_window_paths_a, co_window_paths_b,
          co_window_of_opportunity_a, co_window_unsneaky_path_d,
          co_window_of_opportunity_b, co_window_unsneaky_path_e,
          lemuel_altar_in_water, uniq_eustachio
D:5:      layout_basic, minmay_temple_entry_tees, first_ration, basic_altar
D:6:      layout_layer_cave
D:7:      minmay_razor_zed, layout_basic, nicolae_overflow_crystal_walls,
          marbit_many_paths
D:8:      layout_basic, serial_shops, shop, nicolae_shop_crystal,
          nicolae_shop_statue_plus, uniq_grum, uniq_harold, uniq_maggie
D:9:      layout_basic, david_orc_4
D:10:     layout_roguey
D:11:     layout_loops_ring, lair_entry_dummy
Temple:   nicolae_temple_great_sept
Lair:1:   layout_gridlike, serial_bayou_ford_a, minmay_lair_oklob_bushes,
          grunt_megastairs_2, serial_bayou_shore_a
Lair:2:   layout_gridlike
Lair:3:   layout_concentric_octagons, palyth_hydra_swamp_entry,
          nicolae_spider_entry_orb_guardian, fungi_pond_lemuel,
          lemuel_centaur_altar
Lair:4:   layout_regular_city
Lair:5:   layout_roguey, grunt_megastairs_3, infiniplex_staircase_pool,
          serial_bayou_shore_b

Skill      XL: |  1  2  3  4  5  6  7  8  9 10 11 12 |
---------------+-------------------------------------+-----
Stealth        | 3 4 6 7 |  7.0
Dodging        | 3 4 6 |  6.0
Conjurations   | 2 3 4 6 7 9 11 | 11.3
Spellcasting   | 4 5 7 8 10 11 12 | 12.0
Air Magic      | 4 6 7 9 10 11 | 11.0
Charms         | 2 4 |  4.0
Hexes          | 1 6 |  6.0
Invocations    | 2 5 6 |  6.0
Evocations     | 2 5 6 |  6.0
Shields        | 4 |  4.0

Action                   |  1- 3 |  4- 6 |  7- 9 | 10-12 || total
-------------------------+-------+-------+-------+-------++-------
Melee: Short sword       |     8 |     3 |       |       ||    11
       Spear             |       |       |    23 |    59 ||    82
Throw: Dart              |       |       |       |     2 ||     2
 Cast: Shock             |    72 |    92 |   117 |    83 ||   364
       Airstrike         |       |     9 |    82 |   254 ||   345
       Static Discharge  |       |     1 |       |     2 ||     3
       Swiftness         |       |       |     1 |     1 ||     2
       Tukima's Dance    |       |       |     9 |     1 ||    10
       Lightning Bolt    |       |       |     1 |     8 ||     9
       Fulminant Prism   |       |       |       |    25 ||    25
Invok: Channel Magic     |       |       |       |     1 ||     1
Evoke: Wand              |       |       |     1 |    10 ||    11
  Use: Scroll            |       |     6 |    10 |     7 ||    23
       Potion            |       |       |    11 |     2 ||    13
 Stab: Paralysed         |       |       |     1 |       ||     1
  Eat: Chunk             |     1 |     9 |    22 |    21 ||    53
       Ration            |       |       |     2 |     4 ||     6
Armor: Robe              |     3 |     3 |    10 |    15 ||    31
       Skin              |       |       |     8 |     5 ||    13
Dodge: Dodged            |     9 |    20 |    44 |    94 ||   167
Block: Buckler           |       |       |       |     5 ||     5
